 Dungeon Crawl Stone Soup version 0.30-a0-528-g8c47a4955b (webtiles) character file.

Game seed: 11199889458833262488

219 KennySheep the Conjurer (level 5, -1/45 HPs)
             Began as an Ogre Conjurer on Dec 24, 2022.
             Was a Believer of Wu Jian.
             Slain by an iguana (3 damage)
             ... on level 4 of the Dungeon.
             The game lasted 00:09:41 (4427 turns).

KennySheep the Conjurer (Ogre Conjurer)             Turns: 4427, Time: 00:09:41

Health: -1/45      AC:  3    Str: 11    XL:     5   Next: 96%
Magic:  6/10       EV:  9    Int: 21    God:    Wu Jian [**....]
Gold:   92         SH:  0    Dex:  7    Spells: 4/11 levels left

rFire   . . .      SeeInvis .    r - +0 dagger
rCold   . . .      Faith    .    (no shield)
rNeg    . . .      Spirit   .    a - +0 robe
rPois   .          Reflect  .    (helmet restricted)
rElec   .          Harm     .    (no cloak)
rCorr   .          Rampage  .    (gloves unavailable)
Will    .....                    (boots unavailable)
Stlth   +                        (no amulet)
HPRegen 0.27/turn                (no ring)
MPRegen 0.12/turn                (no ring)

@: very slightly contaminated
A: large, unfitting armour, tough skin 1
a: Renounce Religion, Wall Jump


You were on level 4 of the Dungeon.
You worshipped Wu Jian.
Wu Jian was pleased with you.
You visited 1 branch of the dungeon, and saw 4 of its levels.

You collected 114 gold pieces.
You spent 22 gold pieces at shops.

Inventory:

Hand Weapons
 r - a +0 dagger (weapon)
Armour
 a - a +0 robe (worn)
Jewellery
 q - a ring of ice
Wands
 n - a wand of flame (6)
Scrolls
 c - 4 scrolls of identify
 d - a scroll of teleportation {unknown}
 e - 2 scrolls of immolation {unknown}
 j - a scroll of vulnerability {unknown}
 k - a scroll of butterflies {unknown}
 l - 2 scrolls of enchant weapon {unknown}
 o - a scroll of amnesia {unknown}
Potions
 b - a potion of magic
 f - 2 potions of cancellation {unknown}
 g - a potion of degeneration {unknown}
 h - a potion of brilliance {unknown}
 i - 2 potions of haste {unknown}
 m - a potion of curing {unknown}
 p - a potion of flight {unknown}


   Skills:
 - Level 1.7 Dodging
 - Level 1.4 Stealth
 + Level 3.6 Spellcasting
 * Level 4.9 Conjurations
 * Level 3.0 Translocations


You had 4 spell levels left.
You knew the following spells:

 Your Spells              Type           Power      Damage    Failure   Level
a - Magic Dart            Conj           96%        1d7       1%          1
b - Searing Ray           Conj           48%        2d6       2%          2
c - Iskenderun's Mystic   Conj/Tloc      20%        2d6       24%         4

Your spell library contained the following spells:

 Spells                   Type           Power      Damage    Failure   Level
 Static Discharge         Conj/Air       28%        2-4/arc   7%          2
 Dazzling Flash           Conj/Hex       28%        N/A       14%         3
 Call Imp                 Summ           3%         N/A       19%         2
 Mephitic Cloud           Conj/Pois/Air  10%        N/A       19%         3
 Vhi's Electric Charge    Tloc/Air       20%        N/A       21%         3
 Fulminant Prism          Conj/Hex       7%         3d7       41%         4
 Arcjolt                  Conj/Air       7%         1d17      77%         5
 Lightning Bolt           Conj/Air       7%         1d19      77%         5


Dungeon Overview and Level Annotations

Branches:
Dungeon (4/15)
 Temple: D:4-7

Altars:
Wu Jian

Shops:
D:1 (**(=   D:2 *


Innate Abilities, Weirdness & Mutations

You are too large for most types of armour.
You have tough skin. (AC +1)


Message History

You hit the iguana.
The iguana is severely wounded.
The iguana bites you!
You hit the iguana but do no damage.
The iguana is severely wounded.
The iguana barely misses you.
You hit the iguana but do no damage.
The iguana is severely wounded.
The iguana bites you!
You hit the iguana but do no damage.
The iguana is severely wounded.
The iguana bites you but does no damage.
You barely miss the iguana.
The iguana is severely wounded.
The iguana bites you but does no damage.
You hit the iguana but do no damage.
The iguana is severely wounded.
The iguana bites you!
* * * LOW HITPOINT WARNING * * *
You hit the iguana but do no damage.
The iguana is severely wounded.
The iguana bites you.
* * * LOW HITPOINT WARNING * * *
The magic dart hits the iguana but does no damage.
The iguana is severely wounded.
The iguana bites you.
* * * LOW HITPOINT WARNING * * *
The magic dart hits the iguana.
The iguana is severely wounded.
The iguana closely misses you.
Okay, then.
Magic courses through your body.
The iguana bites you but does no damage.
Casting: Magic Dart (safe; 1% risk of failure)
Confirm with . or Enter, or press ? or * to list all spells.
The spell is quite dangerous to miscast (24% risk of failure)!
Continue anyway?
You miscast Iskenderun's Mystic Blast.
You are very lightly contaminated with residual magic.
Nothing appears to happen.
The iguana bites you.
You die...

... ..# #.# #.#
#.## ### #.<# ....
#..#####..
.....####
#.........
#...l@####....####.
##......>...###
#..........#
#..........#
#...........#
.............#
....##....###.#
...# ##...# ..# ..#
#..## ...


You could see an iguana.

Vanquished Creatures
  A phantom (D:4)
  A howler monkey (D:3)
  3 adders
  An ufetubus (D:4)
  A dart slug (D:3)
  An orc (D:2)
  2 bats
  2 endoplasms (D:3)
  3 giant cockroaches
  10 goblins
  6 hobgoblins
  9 jackals
  2 quokkas
  5 ball pythons
  6 frilled lizards
  5 kobolds
  8 rats
66 creatures vanquished.

Notes
Turn   | Place    | Note
-------+----------+-------------------------------------------
     0 | D:1      | KennySheep the Ogre Conjurer began the quest for the Orb.
     0 | D:1      | Reached XP level 1. HP: 16/16 MP: 3/3
   381 | D:1      | Found Ecekoj's General Store.
   396 | D:1      | Reached XP level 2. HP: 24/24 MP: 0/5
   457 | D:1      | Found Guysh's Weapon Emporium.
   472 | D:1      | Bought a scroll of identify for 22 gold pieces
   493 | D:1      | Found Ocuneanuo's Weapon Shop.
   651 | D:1      | Found Unnaduidgh's Jewellery Boutique.
   780 | D:1      | Found Qenn's General Store.
   784 | D:1      | Reached skill level 1 in Translocations
   999 | D:1      | Learned a level 2 spell: Searing Ray
  1463 | D:2      | Reached skill level 4 in Conjurations
  1463 | D:2      | Reached XP level 3. HP: 31/31 MP: 2/7
  1568 | D:2      | Found Hapeirie's General Store.
  2686 | D:3      | Found a faded altar of an unknown god.
  2690 | D:3      | Prayed at the altar of an unknown god.
  2690 | D:3      | Became a worshipper of the Wu Jian Council
  2690 | D:3      | Reached * piety under Wu Jian
  2859 | D:3      | Reached XP level 4. HP: 36/39 MP: 1/8
  3741 | D:3      | Learned a level 4 spell: Iskenderun's Mystic Blast
  4148 | D:4      | Noticed a phantom
  4156 | D:4      | Killed a phantom
  4157 | D:4      | Reached XP level 5. HP: 28/45 MP: 0/10
  4396 | D:4      | Reached ** piety under Wu Jian
  4424 | D:4      | HP: 1/45 [iguana (4)]
  4427 | D:4      | Slain by an iguana

Illustrated notes

Levels and vault maps discovered:
D:1:      tarquinn_simple_flora_water_e, layout_basic, serial_shops,
          shop_fountains, nicolae_shop_stone, nicolae_shop_hallway_plus,
          shop_statue, shop, columned_hall_lemuel
D:2:      layout_basic, serial_shops, shop_statue
D:3:      layout_basic, ebering_ecumenical_altar_rust
D:4:      layout_layer_cave

Skill      XL: |  1  2  3  4  5 |
---------------+----------------+-----
Translocations | 1 2 3 |  3.0
Conjurations   | 4 |  4.9
Spellcasting   | 3 |  3.6
Dodging        | |  1.7
Stealth        | |  1.4

Action                   |  1- 3 |  4- 6 || total
-------------------------+-------+-------++-------
Melee: Unarmed           |    16 |    11 ||    27
       Dagger            |       |    30 ||    30
 Cast: Magic Dart        |    84 |    71 ||   155
Invok: Whirlwind         |       |     3 ||     3
  Use: Potion            |       |     1 ||     1
Armor: Robe              |    10 |    12 ||    22
Dodge: Dodged            |    18 |    23 ||    41

Table legend: (Time is in decaauts)
 A = Elapsed time spent in this place.
 B = Non-inter-level travel time spent in this place.
 C = Inter-level travel time spent in this place.
 D = Time resting spent in this place.
 E = Time spent auto-exploring this place.
 F = Levels seen in this place.
 G = Mean time per level.
                   A        B        C        D        E       F      G
               +--------+--------+--------+--------+--------+-----+--------+
         Total |   4427 |   4289 |    138 |    273 |   3616 |   4 | 1106.8 |
       Dungeon |   4427 |   4289 |    138 |    273 |   3616 |   4 | 1106.8 |
               +--------+--------+--------+--------+--------+-----+--------+

Top non-repeatable levels by time:
     D:3: 1622 daAuts
     D:1: 1434 daAuts
     D:2: 1202 daAuts
     D:4: 168 daAuts
